 Dungeon Crawl Stone Soup version 0.29.1-2-gbd0b4ee654 (webtiles) character file.

Game seed: 6221282160365430903

4 gregunderscorem the Insei (level 1, 0/13 HPs)
             Began as an Octopode Transmuter on Nov 18, 2022.
             Slain by a bat (1 damage)
             ... on level 1 of the Dungeon.
             The game lasted 00:00:19 (138 turns).

gregunderscorem the Insei (Octopode Transmuter)      Turns: 138, Time: 00:00:19

Health: 0/13       AC:  1    Str:  9    XL:     1   Next: 70%
Magic:  2/3        EV: 13    Int: 15    God:
Gold:   18         SH:  0    Dex: 12    Spells: 3/4 levels left

rFire   . . .      SeeInvis .     - Unarmed
rCold   . . .      Faith    .   (no shield)
rNeg    . . .      Spirit   .   (helmet currently unavailable)
rPois   .          Reflect  .   (no amulet)
rElec   .          Harm     .   (no ring)
rCorr   .          Rampage  .   (no ring)
Will    .....                   (no ring)
Stlth   ++........              (no ring)
HPRegen 0.04/turn               (no ring)
MPRegen 0.08/turn               (no ring)
                                (no ring)
                                (no ring)

@: appendages
A: tentacle spike 3, almost no armour, amphibious, 8 rings, camouflage 1,
gelatinous body 1, (nimble swimmer 1), tentacles
a: End Transformation


You were on level 1 of the Dungeon.
One of your tentacles had grown a beastly spike.
You visited 1 branch of the dungeon, and saw 1 of its levels.

You collected 18 gold pieces.

Inventory:

Potions
 a - a potion of lignification


   Skills:
 - Level 1.0 Fighting
 - Level 2.0 Dodging
 + Level 3.1 Unarmed Combat
 - Level 2.0 Spellcasting
 + Level 2.2 Transmutations


You had 3 spell levels left.
You knew the following spells:

 Your Spells              Type           Power      Damage    Failure   Level
a - Beastly Appendage     Tmut           16%        N/A       9%          1

Your spell library contained the following spells:

 Spells                   Type           Power      Damage    Failure   Level
 Wereblood                Tmut           8%         N/A       14%         2
 Spider Form              Tmut/Pois      4%         N/A       38%         3
 Ice Form                 Ice/Tmut       4%         N/A       80%         4


Dungeon Overview and Level Annotations

Branches:
Dungeon (1/15)

Altars:


Innate Abilities, Weirdness & Mutations

One of your tentacles has grown a beastly spike.
You cannot wear most types of armour.
You are amphibious.
You can wear up to eight rings at the same time.
Your skin changes colour to match your surroundings (Stealth+).
Your rubbery body absorbs attacks. (AC +1, EV +1)
((You are camouflaged when in or above water. (Stealth+)))
You have tentacles for arms and can constrict up to eight enemies at once.


Message History

You are too injured to fight recklessly!
You are too injured to fight recklessly!
You are too injured to fight recklessly!
You are too injured to fight recklessly!
You are too injured to fight recklessly!
You are too injured to fight recklessly!
You are too injured to fight recklessly!
You are too injured to fight recklessly!
You are too injured to fight recklessly!
You are too injured to fight recklessly!
You are too injured to fight recklessly!
You are too injured to fight recklessly!
You are too injured to fight recklessly!
You are too injured to fight recklessly!
You are too injured to fight recklessly!
You are too injured to fight recklessly!
You are too injured to fight recklessly!
You are too injured to fight recklessly!
You are too injured to fight recklessly!
You are too injured to fight recklessly!
You are too injured to fight recklessly!
You are too injured to fight recklessly!
You are too injured to fight recklessly!
You are too injured to fight recklessly!
You are too injured to fight recklessly!
You are too injured to fight recklessly!
You are too injured to fight recklessly!
You are too injured to fight recklessly!
The bat attacks as you move away!
The bat hits you. x2; The jackal bites you.
* * * LOW HITPOINT WARNING * * *
The bat misses you. The jackal closely misses you. x2
The jackal barely misses you. The bat hits you.
* * * LOW HITPOINT WARNING * * *
The jackal attacks as you move away! The jackal misses you.
The jackal completely misses you. The jackal barely misses you.
The bat attacks as you move away! The bat hits you.
* * * LOW HITPOINT WARNING * * *
The bat hits you.
You die...

#..........##
#...........#
#...........#
#...r.......#
#....K......#
#...h.K.....##
#...hhh......#
#.≈≈≈........###
#.≈@b..........#
#..≈≈≈.#####....#
..........# #)..^#
.##.####### #....# #.
#####....# #...'....#
#.#####.###........
####........####.####.
#####.#########.# .#


You could see 4 jackals, a bat, 2 kobolds and a rat.

Vanquished Creatures
  2 ball pythons (D:1)
  A giant cockroach (D:1)
  A goblin (D:1)
4 creatures vanquished.

Notes
Turn   | Place    | Note
-------+----------+-------------------------------------------
     0 | D:1      | gregunderscorem the Octopode Transmuter began the quest for
                  | the Orb.
     0 | D:1      | Reached XP level 1. HP: 13/13 MP: 3/3
   138 | D:1      | Slain by a bat

Illustrated notes

Levels and vault maps discovered:
D:1:      nzn_arrival_settlement, layout_basic,
          shapermc_ecumenical_altar_flowoftime, grunt_decor_fettered,
          corexii_item_surrounded_by_moat, kennysheep_another_room

Action                   || total
-------------------------++-------
Melee: Unarmed           ||     8
       Constrict         ||     3
       Kick              ||     3
       Tentacles         ||     3
 Cast: Beastly Appendage ||     3
Armor: Skin              ||     1
Dodge: Dodged            ||    16
